 Dungeon Crawl Stone Soup version 0.31-a0-175-g9f7f995f2b (webtiles) character file.

Game seed: 1202429344862055382

1589 qw the Skirmisher (level 8, -1/69 (75) HPs)
             Began as a Naga Hunter on June 17, 2023.
             Slain by a wight
             ... wielding a +5 hand axe
              (8 damage)
             ... on level 7 of the Dungeon.
             The game lasted 00:02:04 (6033 turns).

qw the Skirmisher (Naga Hunter)                     Turns: 6033, Time: 00:02:04

HP:   -1/69 (75)    AC:  5    Str: 13 (15) XL:     8   Next: 92%
MP:   8/8           EV: 10    Int:  7 (9)  God:
Gold: 311           SH:  0    Dex: 16      Spells: 7/7 levels left

rFire   . . .        Y - +0 shortbow (drain)
rCold   . . .        (shield currently unavailable)
rNeg    + . .        c - +0 leather armour
rPois   +            (no helmet)
rElec   .            i - +0 cloak
rCorr   .            (no gloves)
SInv    +            (no barding)
Will    +....        (no amulet)
Stlth   ++           n - ring of positive energy
HPRegen 0.31/turn    (no ring)
MPRegen 0.11/turn

%: no passive effects
@: drained, very slow
A: AC +2, large, see invisible, deformed body, poison resistance, slowness 2,
spit poison 1, naga tail 1
a: Spit Poison


You were on level 7 of the Dungeon.
You visited 2 branches of the dungeon, and saw 8 of its levels.

You collected 311 gold pieces.


Innate Abilities, Weirdness & Mutations

Your serpentine skin is tough. (AC +2)
You have supernaturally acute eyesight. (SInv)
Armour fits poorly on your strangely shaped body.
Your system is resistant to poisons. (rPois)
You cover ground very slowly.
You can spit poison.
You have a snake-like lower body.


   Skills:
 + Level 5.4 Fighting
 - Level 9.3 Ranged Weapons
 - Level 1.1 Armour
 - Level 2.2 Dodging
 - Level 1.5 Stealth


You had 7 spell levels left.
You didn't know any spells.
Your spell library was empty.

Inventory:

Hand Weapons
 Y - a +0 shortbow of draining (weapon)
Armour
 c - a +0 leather armour (worn)
 f - +0 steam dragon scales
 i - a +0 cloak (worn)
 o - the +2 robe "Zysih" {Harm Int+2}
   (You found it on level 5 of the Dungeon)

   Int:       It affects your intelligence (+2).
   Harm:      It increases damage dealt and taken.
Jewellery
 n - a ring of positive energy (left hand)
Scrolls
 k - a scroll of identify
Potions
 a - a potion of attraction {unknown}
 d - a potion of cancellation
 e - 2 potions of enlightenment
 h - a potion of curing
 l - a potion of haste {unknown}
 m - a potion of mutation {unknown}

Dungeon Overview and Level Annotations

Branches:
Dungeon (7/15)             Temple (1/1) D:6

Altars:
Ashenzari
Cheibriados
Dithmenos
Elyvilon
Fedhas
Gozag
Hepliaklqana
Kikubaaqudgha
Makhleb
Nemelex Xobeh
Qazlal
Sif Muna
Trog
Uskayaw
Vehumet
Wu Jian
Xom
Yredelemnul
Zin
The Shining One

Annotations:
D:7 1 runed translucent door, Crazy Yiuf, Pikel


Message History

You shoot an arrow. The arrow barely misses the wight.
The wight hits you with a +1 short sword.
You partially resist.
You feel drained.
You shoot an arrow.
The arrow hits the wight but does no damage.
The wight is lightly damaged.
A wight comes into view. It is wielding a +3 spear of freezing.
The wight hits you with a +1 short sword.
You shoot an arrow.
The arrow hits the wight but does no damage.
The wight is lightly damaged.
The wight barely misses you.
You shoot an arrow. The arrow hits the wight!
The wight is heavily damaged.
The wight closely misses you.
You shoot an arrow. The arrow barely misses the wight.
Your surroundings suddenly seem different.
Enter note:
Enter note:
Enter note:
Enter note:
Enter note:
Enter note:
6027 ||| FLEEEEING.
6028 ||| FLEEEEING.
6029 ||| FLEEEEING.
6030 ||| FLEEEEING.
Enter note:
Enter note:
Enter note:
Enter note:
Enter note:
Enter note:
6031 ||| FLEEEEING.
6032 ||| FLEEEEING.
The wight hits you with a +5 hand axe. You partially resist.
You feel drained.
There is a stone staircase leading up here.
6033 ||| STAIRDANCE The lemure closely misses you.
The wight hits you with a +5 hand axe!
You die...

8. #........#.#.###8...8# #..
#........########...## #...
#........#8###8##...# .# ##...
#...................# .# ##8...
#................)..8#
...###...##...#...............##
.#..##........#.#..#8###8###8##
.....#..........5..### ### ##
...#.....#..#.#.@.#.#
........#...#..z.##.#
...........#....###.#
....................#
...........#.###..#..
z##......%##.#}#.##.~.85~
............)###.# .~K5z~
........###......##.~¤z¤~
..####..##..##..##..~¤5~¤


You could see a lemure and a wight.

Vanquished Creatures
  A steam dragon (D:7)
  A sky beast (D:7)
  2 ogres (D:4)
  3 phantoms
  A lemure (D:7)
  A scorpion (D:5)
  2 bullfrogs (D:5)
  2 wights (D:7)
  A howler monkey (D:5)
  4 hounds
  2 gnoll boudas
  2 sleepcaps
  Jessica (D:2)
  Terence (D:2)
  4 iguanas
  An orc wizard (D:3)
  8 gnolls
  4 adders
  2 white imps
  3 ufetubi
  A worm (D:2)
  6 dart slugs
  8 orcs
  8 endoplasms
  3 giant cockroaches
  6 hobgoblins
  4 jackals (D:3)
  4 quokkas
  3 ball pythons
  4 bats
  6 frilled lizards (D:1)
  5 goblins
  6 kobolds
  4 rats
114 creatures vanquished.

Notes
Turn   | Place    | Note
-------+----------+-------------------------------------------
     0 | D:1      | qw the Naga Hunter began the quest for the Orb.
     0 | D:1      | Reached XP level 1. HP: 19/19 MP: 1/1
     0 | D:1      | 0 ||| qw: Version: 0.3-a-2-g5ab2908
     0 | D:1      | 0 ||| qw: Game counter: 338
     0 | D:1      | 0 ||| qw: Always use a shield: true
     0 | D:1      | 0 ||| qw: God list: Okawaru
     0 | D:1      | 0 ||| qw: Allow faded altars: false
     0 | D:1      | 0 ||| qw: Do Orc after D:15 true
     0 | D:1      | 0 ||| qw: Do second Lair branch before Depths: true
     0 | D:1      | 0 ||| qw: Lair rune preference: random
     0 | D:1      | 0 ||| qw: Plans: Normal
     0 | D:1      | 0 ||| PLANNING D:1-11
    24 | D:1      | 24 ||| INVOKING Spit Poison.
    34 | D:1      | 34 ||| INVOKING Spit Poison.
    47 | D:1      | 47 ||| INVOKING Spit Poison.
    72 | D:1      | 72 ||| INVOKING Spit Poison.
   108 | D:1      | 108 ||| FLEEEEING.
   109 | D:1      | 109 ||| FLEEEEING.
   110 | D:1      | 110 ||| FLEEEEING.
   111 | D:1      | 111 ||| FLEEEEING.
   112 | D:1      | 112 ||| FLEEEEING.
   132 | D:1      | Reached skill level 4 in Ranged Weapons
   132 | D:1      | Reached XP level 2. HP: 23/26 MP: 2/2
   148 | D:1      | 148 ||| INVOKING Spit Poison.
   184 | D:1      | 184 ||| INVOKING Spit Poison.
   285 | D:1      | 285 ||| FLEEEEING.
   286 | D:1      | 286 ||| FLEEEEING.
   288 | D:1      | 288 ||| FLEEEEING.
   289 | D:1      | 289 ||| FLEEEEING.
   290 | D:1      | 290 ||| FLEEEEING.
   291 | D:1      | 291 ||| FLEEEEING.
   292 | D:1      | 292 ||| FLEEEEING.
   293 | D:1      | 293 ||| FLEEEEING.
   294 | D:1      | 294 ||| FLEEEEING.
   296 | D:1      | 296 ||| FLEEEEING.
   297 | D:1      | 297 ||| FLEEEEING.
   298 | D:1      | 298 ||| FLEEEEING.
   299 | D:1      | 299 ||| FLEEEEING.
   300 | D:1      | 300 ||| FLEEEEING.
   374 | D:1      | 374 ||| INVOKING Spit Poison.
   378 | D:1      | 378 ||| INVOKING Spit Poison.
   391 | D:1      | 391 ||| INVOKING Spit Poison.
   518 | D:1      | Reached XP level 3. HP: 32/32 MP: 3/3
   552 | D:1      | 552 ||| INVOKING Spit Poison.
   589 | D:1      | 589 ||| INVOKING Spit Poison.
   608 | D:1      | 608 ||| INVOKING Spit Poison.
   656 | D:1      | 656 ||| UPGRADING to +0 cloak.
   661 | D:1      | 661 ||| READING scroll labelled WOMMIEMEMN.
   662 | D:1      | 662 ||| READING scroll labelled JOKKYI TAOTIL.
   722 | D:1      | 722 ||| READING scroll labelled OKHUZU BAVENA.
   723 | D:1      | 723 ||| READING scroll labelled TEIDYU FEMIPI.
   724 | D:1      | 724 ||| DROPPING scroll of butterflies.
   790 | D:2      | Noticed Terence
   793 | D:2      | 793 ||| INVOKING Spit Poison.
   796 | D:2      | 796 ||| INVOKING Spit Poison.
   802 | D:2      | 802 ||| INVOKING Spit Poison.
   805 | D:2      | Killed Terence
   806 | D:2      | Reached skill level 5 in Ranged Weapons
   806 | D:2      | Reached XP level 4. HP: 30/39 MP: 4/4
   861 | D:2      | 861 ||| INVOKING Spit Poison.
   866 | D:2      | 866 ||| INVOKING Spit Poison.
   893 | D:2      | 893 ||| INVOKING Spit Poison.
   923 | D:2      | 923 ||| INVOKING Spit Poison.
  1009 | D:2      | 1009 ||| INVOKING Spit Poison.
  1031 | D:2      | Noticed Jessica
  1032 | D:2      | 1032 ||| INVOKING Spit Poison.
  1033 | D:2      | Killed Jessica
  1034 | D:2      | Reached skill level 3 in Fighting
  1101 | D:2      | 1101 ||| INVOKING Spit Poison.
  1254 | D:2      | 1254 ||| INVOKING Spit Poison.
  1337 | D:2      | 1337 ||| READING scroll labelled UPSEAL MOEXUU.
  1338 | D:2      | 1338 ||| READING scroll labelled KEJURYE RAZIFF.
  1343 | D:2      | 1343 ||| READING 2 scrolls of identify.
  1343 | D:2      | 1343 ||| IDENTIFYING amethyst potion
  1438 | D:3      | 1438 ||| INVOKING Spit Poison.
  1441 | D:3      | 1441 ||| INVOKING Spit Poison.
  1446 | D:3      | HP: 10/42 [orc wizard] (2)]
  1447 | D:3      | 1447 ||| INVOKING Spit Poison.
  1448 | D:3      | Reached XP level 5. HP: 13/49 MP: 5/5
  1607 | D:3      | 1607 ||| INVOKING Spit Poison.
  1626 | D:3      | 1626 ||| INVOKING Spit Poison.
  1635 | D:3      | 1635 ||| INVOKING Spit Poison.
  1662 | D:3      | 1662 ||| INVOKING Spit Poison.
  1688 | D:3      | 1688 ||| INVOKING Spit Poison.
  1861 | D:3      | 1861 ||| INVOKING Spit Poison.
  2032 | D:3      | Found a blossoming altar of Fedhas.
  2129 | D:3      | 2129 ||| UPGRADING to ring of positive energy.
  2130 | D:3      | 2130 ||| READING scroll labelled NUINIE ZEIW.
  2131 | D:3      | 2131 ||| READING scroll labelled JUNUWK ECUHE.
  2132 | D:3      | 2132 ||| READING scroll labelled RUTSAE TIGE.
  2133 | D:3      | 2133 ||| DRINKING 2 smoky yellow potions.
  2134 | D:3      | 2134 ||| READING 2 scrolls of identify.
  2134 | D:3      | 2134 ||| IDENTIFYING lumpy clear potion
  2135 | D:3      | 2135 ||| DROPPING potion of magic.
  2222 | D:4      | 2222 ||| INVOKING Spit Poison.
  2237 | D:4      | Found a snail-covered altar of Cheibriados.
  2241 | D:4      | 2241 ||| INVOKING Spit Poison.
  2245 | D:4      | 2245 ||| INVOKING Spit Poison.
  2253 | D:4      | 2253 ||| INVOKING Spit Poison.
  2270 | D:4      | 2270 ||| INVOKING Spit Poison.
  2272 | D:4      | Reached skill level 6 in Ranged Weapons
  2311 | D:4      | 2311 ||| INVOKING Spit Poison.
  2314 | D:4      | 2314 ||| INVOKING Spit Poison.
  2379 | D:4      | Reached XP level 6. HP: 56/56 MP: 6/6
  2444 | D:4      | 2444 ||| INVOKING Spit Poison.
  2660 | D:4      | 2660 ||| INVOKING Spit Poison.
  2668 | D:4      | Found a bloodstained altar of Trog.
  2744 | D:4      | 2744 ||| INVOKING Spit Poison.
  2770 | D:4      | 2770 ||| INVOKING Spit Poison.
  2777 | D:4      | 2777 ||| INVOKING Spit Poison.
  2876 | D:4      | 2876 ||| READING scroll labelled RADIOL YKUE.
  2877 | D:4      | 2877 ||| DRINKING 2 black potions.
  2878 | D:4      | 2878 ||| READING 2 scrolls of identify.
  2878 | D:4      | 2878 ||| IDENTIFYING fuming green potion
  2879 | D:4      | 2879 ||| DROPPING potion of brilliance.
  2924 | D:5      | Entered Level 5 of the Dungeon
  2925 | D:5      | 2925 ||| INVOKING Spit Poison.
  2928 | D:5      | 2928 ||| STAIRDANCE
  2930 | D:4      | 2930 ||| INVOKING Spit Poison.
  2933 | D:4      | Reached XP level 7. HP: 41/64 MP: 7/7
  3011 | D:5      | 3011 ||| INVOKING Spit Poison.
  3012 | D:5      | 3012 ||| STAIRDANCE
  3014 | D:4      | 3014 ||| INVOKING Spit Poison.
  3215 | D:5      | 3215 ||| INVOKING Spit Poison.
  3218 | D:5      | Reached skill level 7 in Ranged Weapons
  3255 | D:5      | 3255 ||| INVOKING Spit Poison.
  3295 | D:5      | 3295 ||| INVOKING Spit Poison.
  3300 | D:5      | 3300 ||| INVOKING Spit Poison.
  3350 | D:5      | 3350 ||| INVOKING Spit Poison.
  3411 | D:5      | 3411 ||| INVOKING Spit Poison.
  3421 | D:5      | 3421 ||| INVOKING Spit Poison.
  3505 | D:5      | 3505 ||| INVOKING Spit Poison.
  3547 | D:5      | 3547 ||| INVOKING Spit Poison.
  3553 | D:5      | 3553 ||| INVOKING Spit Poison.
  3556 | D:5      | 3556 ||| INVOKING Spit Poison.
  3733 | D:5      | Found an ornate altar of the Wu Jian Council.
  3869 | D:5      | 3869 ||| INVOKING Spit Poison.
  3870 | D:5      | Reached skill level 8 in Ranged Weapons
  3870 | D:5      | Reached XP level 8. HP: 72/72 MP: 8/8
  3874 | D:5      | 3874 ||| INVOKING Spit Poison.
  3888 | D:5      | Identified the +2 robe "Zysih" {Harm Int+2}
  4057 | D:5      | 4057 ||| INVOKING Spit Poison.
  4060 | D:5      | 4060 ||| READING scroll labelled KUYCUL HARIWNO.
  4061 | D:5      | 4061 ||| READING 3 scrolls of identify.
  4061 | D:5      | 4061 ||| IDENTIFYING puce potion
  4062 | D:5      | 4062 ||| READING 2 scrolls of identify.
  4062 | D:5      | 4062 ||| IDENTIFYING sedimented puce potion
  4063 | D:5      | 4063 ||| DROPPING potion of ambrosia.
  4064 | D:5      | 4064 ||| DROPPING potion of lignification.
  4067 | D:6      | 4067 ||| INVOKING Spit Poison.
  4069 | D:6      | 4069 ||| STAIRDANCE
  4074 | D:5      | 4074 ||| INVOKING Spit Poison.
  4076 | D:5      | HP: 16/73 [gnoll/+0 flail[a gnoll bouda] (7)]
  4077 | D:5      | 4077 ||| READING 3 scrolls of teleportation.
  4078 | D:5      | 4078 ||| DRINKING potion of heal wounds.
  4283 | D:6      | Found a stormy altar of Qazlal.
  4349 | D:6      | 4349 ||| INVOKING Spit Poison.
  4364 | D:6      | 4364 ||| INVOKING Spit Poison.
  4368 | D:6      | 4368 ||| INVOKING Spit Poison.
  4372 | D:6      | 4372 ||| INVOKING Spit Poison.
  4376 | D:6      | 4376 ||| INVOKING Spit Poison.
  4506 | D:6      | 4506 ||| INVOKING Spit Poison.
  4606 | D:6      | Found a staircase to the Ecumenical Temple.
  4607 | D:6      | 4607 ||| PLANNING TEMPLE
  4607 | D:6      | 4607 ||| DRINKING 2 cyan potions.
  4608 | D:6      | 4608 ||| DROPPING potion of degeneration.
  4617 | D:6      | 4617 ||| INVOKING Spit Poison.
  4618 | D:6      | 4618 ||| Stepping ~*~*~tactically~*~*~ (outnumbered).
  4620 | D:6      | 4620 ||| INVOKING Spit Poison.
  4625 | D:6      | 4625 ||| INVOKING Spit Poison.
  4631 | D:6      | 4631 ||| INVOKING Spit Poison.
  4694 | Temple   | Entered the Ecumenical Temple
  4883 | Temple   | 4883 ||| PLANNING D:1-11
  4907 | D:6      | 4907 ||| INVOKING Spit Poison.
  4910 | D:6      | 4910 ||| INVOKING Spit Poison.
  4988 | D:6      | 4988 ||| INVOKING Spit Poison.
  5100 | D:6      | 5100 ||| INVOKING Spit Poison.
  5105 | D:6      | 5105 ||| INVOKING Spit Poison.
  5109 | D:6      | 5109 ||| INVOKING Spit Poison.
  5717 | D:7      | 5717 ||| INVOKING Spit Poison.
  5721 | D:7      | 5721 ||| INVOKING Spit Poison.
  5730 | D:7      | 5730 ||| INVOKING Spit Poison.
  5733 | D:7      | 5733 ||| INVOKING Spit Poison.
  5737 | D:7      | 5737 ||| INVOKING Spit Poison.
  5738 | D:7      | Reached skill level 9 in Ranged Weapons
  5856 | D:7      | Found a runed translucent door.
  5857 | D:7      | Noticed Crazy Yiuf
  5895 | D:7      | Found a shadowy altar of Dithmenos.
  5901 | D:7      | Noticed Pikel
  5905 | D:7      | 5905 ||| INVOKING Spit Poison.
  5910 | D:7      | 5910 ||| INVOKING Spit Poison.
  5913 | D:7      | Reached skill level 1 in Armour
  5913 | D:7      | 5913 ||| FLEEEEING.
  5914 | D:7      | 5914 ||| FLEEEEING.
  5915 | D:7      | 5915 ||| FLEEEEING.
  5963 | D:7      | 5963 ||| INVOKING Spit Poison.
  5968 | D:7      | 5968 ||| INVOKING Spit Poison.
  5976 | D:7      | 5976 ||| INVOKING Spit Poison.
  5977 | D:7      | HP: 15/73 [wight/+0 hand axe of electrocution (6)]
  5978 | D:7      | 5978 ||| READING 2 scrolls of teleportation.
  5978 | D:7      | HP: 7/72 [wight/+0 hand axe of electrocution (8)]
  5979 | D:7      | HP: 2/72 [wight/+0 hand axe of electrocution (5)]
  6021 | D:7      | 6021 ||| READING scroll of teleportation.
  6022 | D:7      | HP: 9/73 [wight/+1 short sword (6)]
  6027 | D:7      | 6027 ||| FLEEEEING.
  6028 | D:7      | 6028 ||| FLEEEEING.
  6029 | D:7      | 6029 ||| FLEEEEING.
  6030 | D:7      | 6030 ||| FLEEEEING.
  6031 | D:7      | 6031 ||| FLEEEEING.
  6032 | D:7      | 6032 ||| FLEEEEING.
  6032 | D:7      | HP: 7/71 [wight/+5 hand axe (2)]
  6033 | D:7      | 6033 ||| STAIRDANCE
  6033 | D:7      | Slain by a wight

Levels and vault maps discovered:
D:1:      tekkud_arrival_beachfront_property, layout_basic,
          minmay_misc_feat_rugged, serial_park_tiny_2
D:2:      layout_loops_ring, uniq_terence, uniq_jessica
D:3:      layout_basic, fedhas_altar_fruit_tree, chequers_serial_rivers_small_3
D:4:      layout_loops_ring, cheibriados_altar_1, mainiacjoe_overflow_alcove_2
D:5:      layout_loops_corners, overflow_temple_1_default, grunt_ministairs_7
D:6:      layout_basic, nicolae_qazlal_scattered_showers,
          minmay_temple_entry_statues_fountains, serial_co_window_serial,
          co_window_corner_a, co_window_paths_a, co_window_paths_a,
          co_window_paths_a, co_window_paths_a, co_window_2corner,
          co_window_broadway_a, co_window_paths_c, co_window_2corner,
          glass_columns_b, glass_columns_a, glass_columns_b, glass_columns_a,
          glass_columns_b
D:7:      layout_rooms, mainiacjoe_overflow_catwalk, serial_corexii_hall,
          corexii_hall_statues_i, chequers_hall_statues_wall_a,
          corexii_hall_statues_l, corexii_hall_statues_x,
          chequers_hall_statues_y, corexii_hall_statues_l,
          roderic_serpentine_path, feat_on_display, uniq_crazy_yiuf_cottage,
          uniq_pikel
Temple:   nicolae_temple_bog_church

Skill      XL: |  1  2  3  4  5  6  7  8 |
---------------+-------------------------+-----
Ranged Weapons | 4 5 6 8 9 |  9.3
Fighting       | 3 4 5 |  5.4
Dodging        | 2 |  2.2
Armour         | 1 |  1.1
Stealth        | |  1.5

Action                     |  1- 3 |  4- 6 |  7- 9 || total
---------------------------+-------+-------+-------++-------
   Fire: Shortbow          |    51 |    91 |   170 ||   312
Ability: Spit Poison       |    15 |    31 |    44 ||    90
    Use: Scroll            |     4 |     9 |     6 ||    19
         Potion            |       |     2 |     2 ||     4
 Armour: Leather armour    |     1 |     9 |    32 ||    42
  Dodge: Dodged            |     8 |    21 |    64 ||    93

Table legend:
 A = Non-vault XP
 B = Vault XP
 C = Vault XP percentage of total XP
 D = Non-vault monster count
 E = Vault monster count
 F = Vault count percentage of total count
                 A         B        C        D         E       F
            +---------+---------+-------+---------+---------+-------
      Total |    1964 |     307 |  13.5 |     109 |       4 |   3.5
            +---------+---------+-------+---------+---------+-------
        D:1 |      46 |       0 |   0.0 |      27 |       0 |   0.0
        D:2 |      28 |      73 |  72.3 |       8 |       2 |  20.0
        D:3 |      75 |       0 |   0.0 |      19 |       0 |   0.0
        D:4 |     304 |     234 |  43.5 |      15 |       2 |  11.8
        D:5 |     631 |       0 |   0.0 |      19 |       0 |   0.0
        D:6 |     394 |       0 |   0.0 |      16 |       0 |   0.0
        D:7 |     486 |       0 |   0.0 |       5 |       0 |   0.0
            +---------+---------+-------+---------+---------+-------
